 Dungeon Sprint DCSS version 0.17-a0-1719-g1afd5a1 (webtiles) character file.

14800000 ztt the Plane Walker (level 27, -74/273 HPs)
             Began as a Ghoul Warper on Aug 27, 2015.
             Was the Champion of Makhleb.
             Annihilated by a fleshlord
             ... wielding a +9 great mace
              (347 damage)
             ... in the Dungeon (Sprint VIII: "Arena of Blood").
             The game lasted 00:03:33 (148 turns).

ztt the Plane Walker (Ghoul Warper)                  Turns: 148, Time: 00:03:33

Health: -74/273    AC:  6    Str: 19    XL:     27
Magic:  41/53      EV: 32    Int:  8    God:    Makhleb [******]
Gold:   0          SH:  0    Dex: 17    Spells: 1 memorised, 79 levels left

rFire  . . .     SeeInvis +     l - +∞ Axe of Woe
rCold  + . .     Clarity  .     b - +0 leather armour
rNeg   + + +     SustAt   .     (no shield)
rPois  ∞         Gourm    .     (no helmet)
rElec  .         Spirit   .     (no cloak)
rCorr  .         Warding  .     (no gloves)
rMut   .         NoTele   +     (no boots)
MR     ++...                    (no amulet)
Stlth  +++++++++.               (no ring)
                                m - ring of see invisible

@: rotting, slowed, very slow, very resistant to hostile enchantments,
incredibly stealthy
A: rotting body, claws 1, carnivore 3, cold resistance 1, negative energy
resistance 3, slow healing 1, torment resistance, unbreathing
a: Minor Destruction, Lesser Servant of Makhleb, Major Destruction, Greater
Servant of Makhleb, Renounce Religion


You were in the Dungeon.
You worshipped Makhleb.
Makhleb was exalted by your worship.
You were not hungry.

You visited 1 branch

Inventory:

Hand weapons
 a - a +0 hand axe
 l - the +∞ Axe of Woe (weapon)
   (You found it in the Dungeon)
Missiles
 e - 5 tomahawks of dispersal (quivered)
Armour
 b - a +0 leather armour (worn)
Jewellery
 m - a ring of see invisible (left claw)
Scrolls
 d - 2 scrolls of blinking
Potions
 g - a potion of curing
 h - a potion of heal wounds
 i - a potion of haste
 j - 2 potions of magic
 k - a potion of berserk rage
Books
 c - a book of Spatial Translocations

   Spells                             Type                      Level
   a - Apportation                    Translocation                1
   b - Blink                          Translocation                2
   c - Shroud of Golubria             Charms/Translocation         2
   d - Portal Projectile              Translocation                3
   e - Teleport Other                 Translocation                3
   f - Passage of Golubria            Translocation                4
Comestibles
 f - a meat ration


   Skills:
 O Level 27 Fighting
 O Level 27 Axes
 O Level 27 Throwing
 O Level 27 Armour
 O Level 27 Dodging
 O Level 27 Stealth
 O Level 27 Unarmed Combat
 O Level 27 Spellcasting
 O Level 27 Translocations
 O Level 27 Invocations


You had 79 spell levels left.
You knew the following spells:

 Your Spells              Type           Power        Failure   Level  Hunger
a - Apportation           Tloc           ######....   0%          1    None


Dungeon Overview and Level Annotations

Branches:
Dungeon (1/1)

Altars:
Makhleb


Innate Abilities, Weirdness & Mutations

Your body is rotting away.
You thrive on raw meat.
You are immune to poison.
You have sharp fingernails.
You are carnivorous and can eat meat at any time.
Your flesh is cold resistant.
You are immune to negative energy.
You heal slowly when monsters are visible.
You are immune to unholy pain and torment.
You can survive without breathing.


Message History

You kill the observer!
Makhleb accepts your kill.
You feel better.
You lop one of the eight-headed meat hydra's heads off!
The seven-headed meat hydra grows two more!
You slice the nine-headed meat hydra!!
You slaughter the nine-headed meat hydra joyfully.
You kill the nine-headed meat hydra!
Makhleb accepts your kill.
You hear a shout!
The reaper barely misses you.
You hear a shout!
A corpse begins to drag itself along the ground!
Some corpses meld into agglomerations of writhing flesh!
The observer pulsates ominously.
The fleshlord gestures at you while chanting.
You barely resist.
The fleshlord hits you with a +9 great mace!!!!!!
Ouch! That really hurt!
You die...

........... ..
.#..................
...#........#G..o...#
......#.... #......O#
O..#......###.... ..###.
...............###oW....
.......#..)...2._p.S....
.....#.o..)..#)ppx.#
###.......MWo#_X@GX#....
#..X.#.)..)))#))p).#....
....)))#....z)Gx_.......
...§)))).....)x###.......
.....§))))###)))....###..
.........)..#..)....#....
.........)))#..)..%.#....
...#.......)..)..........
..#.#.#.................#


You could see a reaper, 3 observers, a scourge, 4 fleshlords, a sculptor of
flesh, 2 large abominations, a wretched soul (invisible), a meat berserker
(berserk), 2 small abominations and a bag of meat.

Vanquished Creatures
  6 hell knights (D)
  12 hell beasts (D)
  Edmund (D)
  12 greater mummies (D)
  7 great orbs of eyes (D)
  6 wraiths (D)
  19 vampire knights (D)
  43 ogres (D)
  8 liches (D)
  8 hydras (D)
  67 orcs (D)
  10 phantoms (D)
  2 hill giants (D)
  4 skeletal warriors (D)
  3 sea snakes (D)
  5 large abominations (D)
  5 small abominations (D)
  8 crawling corpses (D)
226 creatures vanquished.

Notes
Turn   | Place    | Note
--------------------------------------------------------------
     0 | D        | ztt the Ghoul Warper began the quest for the Orb.
     0 | D        | Reached XP level 1. HP: 17/17 MP: 2/2
     3 | D        | Noticed a bag of meat
     3 | D        | Noticed a bag of meat
     4 | D        | Noticed a bag of meat
     4 | D        | Became a worshipper of Makhleb the Destroyer
     5 | D        | Noticed a meat berserker
     5 | D        | Killed a meat berserker
     5 | D        | Reached skill level 12 in Fighting
     5 | D        | Reached skill level 10 in Dodging
     5 | D        | Reached skill level 20 in Translocations
     5 | D        | Reached XP level 2. HP: 20/42 MP: 2/14
     5 | D        | Reached XP level 3. HP: 23/49 MP: 2/15
     5 | D        | Reached XP level 4. HP: 26/57 MP: 2/17
     5 | D        | Reached XP level 5. HP: 28/63 MP: 2/18
     5 | D        | Reached XP level 6. HP: 31/71 MP: 2/20
     5 | D        | Reached XP level 7. HP: 34/78 MP: 2/21
     5 | D        | Reached XP level 8. HP: 37/85 MP: 2/23
     5 | D        | Reached XP level 9. HP: 40/92 MP: 2/24
     5 | D        | Reached XP level 10. HP: 43/100 MP: 2/25
     5 | D        | Reached XP level 11. HP: 45/106 MP: 2/26
     5 | D        | Reached XP level 12. HP: 47/113 MP: 2/27
     5 | D        | Reached XP level 13. HP: 49/119 MP: 2/28
     7 | D        | Noticed a bag of meat
     7 | D        | Noticed a bag of meat
     8 | D        | Killed a bag of meat
     8 | D        | Acquired Makhleb's first power
     8 | D        | Reached skill level 5 in Throwing
     8 | D        | Reached skill level 22 in Translocations
     8 | D        | Reached XP level 14. HP: 31/132 MP: 2/30
     9 | D        | Noticed a bag of meat
     9 | D        | Noticed a bag of meat
     9 | D        | Noticed a bag of meat
     9 | D        | Noticed a meat berserker
     9 | D        | Killed a bag of meat
     9 | D        | Reached skill level 23 in Translocations
    10 | D        | Noticed a bag of meat
    10 | D        | Noticed a bag of meat
    10 | D        | Noticed a bag of meat
    10 | D        | Killed a bag of meat
    10 | D        | Acquired Makhleb's second power
    10 | D        | Reached skill level 15 in Fighting
    10 | D        | Reached skill level 24 in Translocations
    10 | D        | Reached XP level 15. HP: 84/141 MP: 3/32
    11 | D        | Killed a meat berserker
    11 | D        | Reached skill level 15 in Axes
    11 | D        | Reached skill level 15 in Spellcasting
    11 | D        | Reached skill level 26 in Translocations
    11 | D        | Reached XP level 16. HP: 82/154 MP: 3/34
    12 | D        | Noticed a bag of meat
    12 | D        | Noticed a bag of meat
    12 | D        | Noticed a bag of meat
    12 | D        | Killed a bag of meat
    12 | D        | Acquired Makhleb's third power
    12 | D        | Reached skill level 27 in Translocations
    12 | D        | Killed a bag of meat
    12 | D        | Reached skill level 5 in Armour
    12 | D        | Reached skill level 15 in Dodging
    13 | D        | Noticed a meat berserker
    13 | D        | Noticed a bag of meat
    13 | D        | Killed a bag of meat
    13 | D        | Reached XP level 17. HP: 166/170 MP: 4/38
    13 | D        | Killed a bag of meat
    13 | D        | Acquired Makhleb's fourth power
    13 | D        | Killed a bag of meat
    14 | D        | Killed a bag of meat
    14 | D        | Reached XP level 18. HP: 178/185 MP: 4/41
    15 | D        | Noticed a meat berserker
    15 | D        | Noticed a bag of meat
    15 | D        | Killed a bag of meat
    15 | D        | Acquired Makhleb's fifth power
    15 | D        | Killed a meat berserker
    15 | D        | Reached skill level 10 in Throwing
    15 | D        | Killed a bag of meat
    15 | D        | Reached XP level 19. HP: 201/203 MP: 4/44
    16 | D        | Noticed a meat berserker
    17 | D        | Noticed a bag of meat
    17 | D        | Killed a bag of meat
    17 | D        | Killed a bag of meat
    17 | D        | Reached skill level 27 in Fighting
    17 | D        | Reached skill level 10 in Armour
    17 | D        | Killed a bag of meat
    17 | D        | Reached skill level 27 in Axes
    18 | D        | Noticed a bag of meat
    18 | D        | Killed a meat berserker
    18 | D        | Reached XP level 20. HP: 216/216 MP: 5/49
    18 | D        | Killed a bag of meat
    21 | D        | Noticed a destroyer
    21 | D        | Killed a bag of meat
    21 | D        | Reached skill level 27 in Spellcasting
    21 | D        | Killed a meat berserker
    21 | D        | Reached skill level 27 in Dodging
    24 | D        | Noticed a bag of meat
    25 | D        | Noticed a destroyer
    25 | D        | Killed a destroyer
    25 | D        | Reached XP level 21. HP: 224/224 MP: 7/51
    26 | D        | Noticed a bag of meat
    27 | D        | Noticed a destroyer
    27 | D        | Noticed a destroyer
    27 | D        | Noticed a bag of meat
    27 | D        | Noticed a bag of meat
    28 | D        | Noticed a bag of meat
    30 | D        | Noticed a meat berserker
    30 | D        | Killed a bag of meat
    30 | D        | Killed a bag of meat
    30 | D        | Killed a destroyer
    30 | D        | Reached XP level 22. HP: 233/233 MP: 8/52
    32 | D        | Noticed a large bag of meat
    32 | D        | Noticed a destroyer
    32 | D        | Noticed a sculptor of flesh
    32 | D        | Killed a bag of meat
    32 | D        | Reached skill level 27 in Throwing
    32 | D        | Reached skill level 27 in Armour
    33 | D        | Noticed a bag of meat
    33 | D        | Noticed a meat berserker
    33 | D        | Noticed a bag of meat
    33 | D        | Noticed a destroyer
    34 | D        | Noticed a bag of meat
    34 | D        | Killed a destroyer
    34 | D        | Killed a bag of meat
    34 | D        | Reached XP level 23. HP: 240/240 MP: 9/53
    34 | D        | Killed a bag of meat
    35 | D        | Killed a destroyer
    35 | D        | Killed a destroyer
    35 | D        | Reached skill level 27 in Stealth
    35 | D        | Reached XP level 24. HP: 249/249 MP: 9/53
    36 | D        | Killed a destroyer
    36 | D        | Reached skill level 27 in Unarmed Combat
    36 | D        | Reached skill level 27 in Invocations
    36 | D        | Killed a bag of meat
    36 | D        | Killed a sculptor of flesh
    36 | D        | Noticed a destroyer
    37 | D        | Noticed a destroyer
    37 | D        | Killed a meat berserker
    37 | D        | Reached XP level 25. HP: 257/257 MP: 9/53
    38 | D        | Killed a destroyer
    39 | D        | Noticed a destroyer
    40 | D        | Noticed a destroyer
    40 | D        | Killed a destroyer
    41 | D        | Noticed a meat berserker
    41 | D        | Noticed a bag of meat
    42 | D        | Noticed a meat berserker
    42 | D        | Killed a destroyer
    42 | D        | Reached XP level 26. HP: 150/266 MP: 11/53
    42 | D        | Killed a meat berserker
    42 | D        | Killed a large bag of meat
    43 | D        | Noticed a bag of meat
    44 | D        | Noticed a bag of meat
    44 | D        | Noticed an accursed
    44 | D        | Noticed a bag of meat
    45 | D        | Noticed a large bag of meat
    45 | D        | Noticed a bag of meat
    45 | D        | Killed a meat berserker
    46 | D        | Noticed a bag of meat
    46 | D        | Noticed a bag of meat
    46 | D        | Noticed a bag of meat
    47 | D        | Noticed a bag of meat
    47 | D        | Noticed a bag of meat
    47 | D        | Noticed a destroyer
    47 | D        | Noticed a destroyer
    48 | D        | Noticed a destroyer
    48 | D        | Killed a bag of meat
    49 | D        | Killed a bag of meat
    49 | D        | Killed a meat berserker
    49 | D        | Reached XP level 27. HP: 273/273 MP: 13/53
    50 | D        | Killed a large bag of meat
    51 | D        | Killed a bag of meat
    51 | D        | Killed a destroyer
    51 | D        | Killed a bag of meat
    51 | D        | Killed a bag of meat
    52 | D        | Noticed a meat berserker
    52 | D        | Noticed a meat berserker
    52 | D        | Noticed a meat berserker
    52 | D        | Killed a destroyer
    52 | D        | Killed a bag of meat
    52 | D        | Killed a bag of meat
    52 | D        | Killed a bag of meat
    53 | D        | Noticed a meat berserker
    53 | D        | Killed a destroyer
    54 | D        | Killed a bag of meat
    54 | D        | Killed a meat berserker
    54 | D        | Killed a bag of meat
    55 | D        | Noticed a bag of meat
    55 | D        | Noticed an accursed
    55 | D        | Noticed a tyrant
    56 | D        | Noticed a bag of meat
    56 | D        | Noticed a destroyer
    56 | D        | Noticed a meat berserker
    56 | D        | Noticed a destroyer
    56 | D        | Noticed a sculptor of flesh
    57 | D        | Killed a meat berserker
    57 | D        | Killed a meat berserker
    58 | D        | Killed a bag of meat
    58 | D        | Killed a meat berserker
    58 | D        | Killed a tyrant
    59 | D        | Noticed a bag of meat
    59 | D        | Noticed a bag of meat
    59 | D        | Noticed a meat berserker
    59 | D        | Noticed a tyrant
    61 | D        | Noticed a meat berserker
    61 | D        | Noticed a dread
    61 | D        | Noticed a dread
    61 | D        | Killed a bag of meat
    61 | D        | Killed a meat berserker
    61 | D        | Killed a destroyer
    63 | D        | Killed a bag of meat
    63 | D        | Killed a destroyer
    63 | D        | Killed a bag of meat
    63 | D        | Killed a bag of meat
    64 | D        | Noticed a meat berserker
    64 | D        | Killed a meat berserker
    65 | D        | Killed a bag of meat
    66 | D        | Killed a bag of meat
    67 | D        | Noticed a dread
    67 | D        | Noticed a meat beast
    68 | D        | Noticed a meat beast
    68 | D        | Noticed a meat berserker
    68 | D        | Killed a dread
    68 | D        | Killed a meat berserker
    68 | D        | Killed a sculptor of flesh
    68 | D        | Killed an accursed
    69 | D        | Killed a bag of meat
    69 | D        | Killed a meat berserker
    69 | D        | Noticed a meat beast
    70 | D        | Noticed an accursed
    70 | D        | Killed a meat berserker
    70 | D        | Killed a dread
    71 | D        | Noticed a bag of meat
    71 | D        | Noticed a meat beast
    71 | D        | Noticed a meat berserker
    71 | D        | Killed a meat beast
    71 | D        | Killed a meat beast
    71 | D        | Killed a meat beast
    72 | D        | Noticed a bag of meat
    73 | D        | Noticed a destroyer
    73 | D        | Noticed a meat berserker
    74 | D        | Noticed a bag of meat
    74 | D        | Noticed a bag of meat
    74 | D        | Noticed a bag of meat
    75 | D        | Noticed an accursed
    76 | D        | Killed a meat beast
    76 | D        | Killed a dread
    76 | D        | Killed a meat berserker
    77 | D        | Noticed a meat berserker
    77 | D        | Noticed a meat berserker
    77 | D        | Noticed a bag of meat
    78 | D        | Killed an accursed
    78 | D        | Killed a destroyer
    78 | D        | Killed a bag of meat
    79 | D        | Noticed a bag of meat
    80 | D        | Noticed a wretched soul
    80 | D        | Noticed a meat berserker
    80 | D        | Noticed a wretched soul
    80 | D        | Killed a bag of meat
    80 | D        | Killed a tyrant
    81 | D        | Noticed a bag of meat
    81 | D        | Killed a bag of meat
    81 | D        | Killed an accursed
    83 | D        | Killed a bag of meat
    84 | D        | Noticed a wretched soul
    84 | D        | Noticed a wretched soul
    85 | D        | Noticed a wretched soul
    85 | D        | Noticed a meat berserker
    85 | D        | Killed a meat berserker
    85 | D        | Killed a meat berserker
    86 | D        | Killed a meat berserker
    87 | D        | Noticed a wretched soul
    87 | D        | Noticed a bag of meat
    87 | D        | Killed a meat berserker
    87 | D        | Killed a wretched soul
    88 | D        | Noticed a meat berserker
    88 | D        | Noticed a meat beast
    88 | D        | Noticed a bag of meat
    89 | D        | Killed a bag of meat
    90 | D        | Killed a bag of meat
    90 | D        | Killed a meat berserker
    91 | D        | Noticed a meat beast
    92 | D        | Killed a bag of meat
    92 | D        | Killed a bag of meat
    92 | D        | Killed a meat beast
    93 | D        | Noticed a wretched soul
    93 | D        | Noticed a bag of meat
    93 | D        | Noticed a meat berserker
    93 | D        | Noticed a meat berserker
    94 | D        | Killed a meat berserker
    94 | D        | Killed a wretched soul
    95 | D        | Noticed a meat beast
    95 | D        | Noticed an accursed
    95 | D        | Killed a wretched soul
    95 | D        | Killed a wretched soul
    95 | D        | Killed a meat beast
    95 | D        | Killed an accursed
    96 | D        | Noticed a meat berserker
    96 | D        | Noticed an accursed
    97 | D        | Noticed a meat berserker
    97 | D        | Noticed a meat berserker
    97 | D        | Killed a meat berserker
    97 | D        | Noticed an observer
    98 | D        | Noticed a bag of meat
    98 | D        | Noticed a meat berserker
    98 | D        | Noticed a meat beast
    98 | D        | Killed a wretched soul
    98 | D        | Killed a bag of meat
    98 | D        | Killed a meat berserker
    99 | D        | Killed a bag of meat
    99 | D        | Killed a wretched soul
    99 | D        | Killed a meat beast
   100 | D        | Noticed a meat berserker
   100 | D        | Noticed a bag of meat
   100 | D        | Noticed a bag of meat
   100 | D        | Noticed a tyrant
   100 | D        | Killed a meat beast
   101 | D        | Noticed a tyrant
   101 | D        | Killed an observer
   102 | D        | Noticed a tyrant
   102 | D        | Noticed a meat beast
   102 | D        | Killed a meat berserker
   103 | D        | Noticed a meat beast
   103 | D        | Killed a bag of meat
   103 | D        | Killed a meat berserker
   104 | D        | Noticed a meat berserker
   104 | D        | Noticed a wretched soul
   104 | D        | Noticed a wretched soul
   104 | D        | Killed a wretched soul
   104 | D        | Killed a meat berserker
   104 | D        | Killed a tyrant
   105 | D        | Noticed a meat berserker
   105 | D        | Noticed a dread
   105 | D        | Killed a meat beast
   106 | D        | Noticed a bag of meat
   106 | D        | Noticed an accursed
   106 | D        | Killed a meat beast
   107 | D        | Noticed a meat berserker
   108 | D        | Noticed a bag of meat
   108 | D        | Killed a bag of meat
   109 | D        | Noticed a dread
   109 | D        | Killed a meat berserker
   110 | D        | Noticed an observer
   110 | D        | Noticed a wretched soul
   111 | D        | Noticed a sculptor of flesh
   111 | D        | Killed a dread
   111 | D        | Killed an accursed
   111 | D        | Killed a meat berserker
   112 | D        | Noticed an accursed
   112 | D        | Noticed an observer
   112 | D        | Killed a meat berserker
   113 | D        | Killed a wretched soul
   114 | D        | Noticed a bag of meat
   114 | D        | Noticed a destroyer
   114 | D        | Killed a bag of meat
   114 | D        | Killed a tyrant
   114 | D        | Noticed a bag of meat
   115 | D        | Noticed a meat beast
   115 | D        | Noticed an accursed
   115 | D        | Killed a meat berserker
   115 | D        | Killed a bag of meat
   116 | D        | Killed a bag of meat
   117 | D        | Killed a tyrant
   117 | D        | Killed a bag of meat
   118 | D        | Noticed a bag of meat
   118 | D        | Noticed a tyrant
   118 | D        | Killed a bag of meat
   118 | D        | Killed an accursed
   119 | D        | Noticed a dread
   119 | D        | Killed a wretched soul
   119 | D        | Killed a meat beast
   119 | D        | Killed a dread
   119 | D        | Noticed a fleshlord
   120 | D        | Noticed a bag of meat
   120 | D        | Noticed a fleshlord
   120 | D        | Killed an observer
   120 | D        | Killed a fleshlord
   121 | D        | Killed a meat berserker
   122 | D        | Noticed a bag of meat
   122 | D        | Noticed a meat berserker
   122 | D        | Killed an accursed
   122 | D        | Killed an accursed
   123 | D        | Noticed a meat berserker
   123 | D        | Noticed a meat berserker
   123 | D        | Killed a fleshlord
   123 | D        | Killed a wretched soul
   123 | D        | Killed a dread
   124 | D        | Noticed a bag of meat
   124 | D        | Noticed a tyrant
   124 | D        | Noticed a fleshlord
   125 | D        | Noticed a bag of meat
   125 | D        | Killed an observer
   126 | D        | Noticed a bag of meat
   126 | D        | Noticed a bag of meat
   126 | D        | Noticed a meat berserker
   126 | D        | Noticed a meat beast
   126 | D        | Noticed a destroyer
   126 | D        | Killed a meat berserker
   127 | D        | Noticed a fleshlord
   127 | D        | Noticed an accursed
   127 | D        | Noticed an observer
   127 | D        | Killed a bag of meat
   127 | D        | Killed a tyrant
   128 | D        | Noticed an observer
   128 | D        | Killed a bag of meat
   128 | D        | Killed a meat berserker
   128 | D        | Killed a bag of meat
   129 | D        | Noticed a meat berserker
   129 | D        | Killed a fleshlord
   129 | D        | Killed a meat berserker
   129 | D        | Killed a bag of meat
   130 | D        | Noticed a fleshlord
   130 | D        | Noticed a tyrant
   130 | D        | Killed a destroyer
   130 | D        | Killed a fleshlord
   131 | D        | Noticed a meat berserker
   131 | D        | Noticed an accursed
   131 | D        | Killed an observer
   131 | D        | Killed a bag of meat
   131 | D        | Killed a bag of meat
   132 | D        | Noticed an accursed
   133 | D        | Noticed a sculptor of flesh
   133 | D        | Killed an observer
   133 | D        | Killed an accursed
   133 | D        | Killed a bag of meat
   133 | D        | Killed a bag of meat
   133 | D        | Killed a destroyer
   134 | D        | Killed a tyrant
   134 | D        | Killed a meat berserker
   135 | D        | Noticed a fleshlord
   136 | D        | Noticed a meat berserker
   136 | D        | Noticed The Defiler
   137 | D        | Noticed a fleshlord
   137 | D        | Killed an accursed
   138 | D        | Noticed a bag of meat
   138 | D        | Noticed a meat berserker
   138 | D        | Killed a fleshlord
   139 | D        | Noticed a fleshlord
   139 | D        | Killed an accursed
   139 | D        | Killed a tyrant
   140 | D        | Noticed a bag of meat
   140 | D        | Noticed a meat berserker
   140 | D        | Noticed a destroyer
   140 | D        | Noticed a destroyer
   141 | D        | Noticed a bag of meat
   141 | D        | Killed a destroyer
   141 | D        | Killed a fleshlord
   141 | D        | Killed a destroyer
   141 | D        | Killed a sculptor of flesh
   142 | D        | Noticed a fleshlord
   142 | D        | Killed The Defiler
   142 | D        | Killed an accursed
   143 | D        | Noticed a meat berserker
   143 | D        | Noticed a meat beast
   143 | D        | Noticed a fleshlord
   143 | D        | Killed a meat berserker
   143 | D        | Noticed an observer
   144 | D        | Noticed an accursed
   144 | D        | Noticed an observer
   144 | D        | Killed a meat berserker
   144 | D        | Killed a sculptor of flesh
   145 | D        | Killed a meat beast
   145 | D        | Killed a bag of meat
   146 | D        | Noticed a sculptor of flesh
   146 | D        | Noticed an observer
   146 | D        | Noticed a tyrant
   146 | D        | Killed a bag of meat
   146 | D        | Killed a meat berserker
   146 | D        | Noticed an observer
   147 | D        | Killed a meat berserker
   147 | D        | Killed an observer
   148 | D        | Noticed a wretched soul
   148 | D        | Noticed an observer
   148 | D        | Noticed a meat berserker
   148 | D        | Killed an observer
   148 | D        | Annihilated by a fleshlord

Vault maps used:
D:        meatsprint

Action                   |  1- 3 |  4- 6 |  7- 9 | 10-12 | 13-15 | 16-18 | 19-21 | 22-24 | 25-27 || total
-------------------------+-------+-------+-------+-------+-------+-------+-------+-------+-------++-------
Melee: Executioner's axe |     1 |       |       |       |     4 |     4 |     5 |     5 |    83 ||   102
 Cast: Apportation       |       |       |       |       |       |       |     1 |       |       ||     1
